 Dungeon Crawl Stone Soup version 0.32-a0-42-ga30500b4d3 (webtiles) character file.

Game seed: 7672817970391461937

95 CougarLife the Chopper (level 4, 0/41 HPs)
             Began as a Minotaur Berserker on Jan 29, 2024.
             Was a Believer of Trog.
             Incinerated by a bombardier beetle (3 damage)
             ... with a burning spray
             ... on level 3 of the Dungeon.
             The game lasted 00:02:01 (1496 turns).

CougarLife the Chopper (Minotaur Berserker)         Turns: 1496, Time: 00:02:02

Health: 0/41       AC:  3    Str: 22    XL:     4   Next: 39%
Magic:  3/3        EV: 12    Int:  6    God:    Trog [**....]
Gold:   92         SH:  0    Dex:  9    Spells: 3/3 levels left

rFire   . . .        a - +0 hand axe
rCold   . . .        (no shield)
rNeg    . . .        b - +0 animal skin
rPois   .            (helmet restricted)
rElec   .            (no cloak)
rCorr   .            c - +0 pair of gloves
SInv    .            (no boots)
Will    .....        (no amulet)
Stlth   +            (no ring)
HPRegen 0.26/turn    (no ring)
MPRegen 0.08/turn

%: no passive effects
@: on fire, glowing
A: horns 2, retaliatory headbutt
a: Renounce Religion, Berserk, Trog's Hand


You were on level 3 of the Dungeon.
You worshipped Trog.
Trog was pleased with you.
You visited 1 branch of the dungeon, and saw 3 of its levels.

You collected 92 gold pieces.

Inventory:

Hand Weapons
 a - a +0 hand axe (weapon)
Missiles
 j - 6 boomerangs (quivered)
Armour
 b - a +0 animal skin (worn)
 c - a +0 pair of gloves (worn)
 g - a +0 plate armour
Jewellery
 k - a ring of fire
Scrolls
 d - 2 scrolls of enchant weapon
 e - a scroll of blinking
 f - a scroll of vulnerability {unknown}
 m - a scroll of revelation {unknown}
Potions
 i - a potion of lignification {unknown}
 l - 3 potions of curing


   Skills:
 + Level 4.5 Fighting
 * Level 5.2 Axes
 - Level 2.4 Armour
 - Level 3.1 Dodging


You had 3 spell levels left.
You didn't know any spells.
Your spell library was empty.

Dungeon Overview and Level Annotations

Branches:
Dungeon (3/15)

Altars:

Shops:
D:1 [


Innate Abilities, Weirdness & Mutations

You have a pair of horns on your head.
You reflexively headbutt those who attack you in melee.


Message History

You barely miss the bombardier beetle.
Your headbutt misses the bombardier beetle.
The bombardier beetle sprays incendiary fluid at you.
The burning spray hits you.
You are covered in liquid fire!
You closely miss the bombardier beetle. You headbutt the bombardier beetle.
The bombardier beetle is lightly wounded.
The liquid fire burns you!
The bombardier beetle sprays incendiary fluid at you.
The burning spray hits you.
You are even more covered in liquid fire!
You hit the bombardier beetle but do no damage.
The bombardier beetle is lightly wounded.
The liquid fire burns you!
You closely miss the bombardier beetle. You headbutt the bombardier beetle.
The bombardier beetle is heavily wounded.
The liquid fire burns you! The bombardier beetle bites you.
You are too injured to fight recklessly!
You closely miss the bombardier beetle. You headbutt the bombardier beetle!
You kill the bombardier beetle!
Trog accepts your kill. The liquid fire burns you!
An orc comes into view. It is wielding a +0 club.
Your Axes skill increases to level 5!
You have reached level 4!
You feel stronger.
Found a scroll labelled ODUNYI QUOKAYSUV.
You shake off some of the fire as you move.
The liquid fire burns you!
* * * LOW HITPOINT WARNING * * *
You shake off some of the fire as you move.
The liquid fire burns you!
* * * LOW HITPOINT WARNING * * *
You shake off some of the fire as you move.
The liquid fire burns you!
* * * LOW HITPOINT WARNING * * *
You shake off some of the fire as you move.
The liquid fire burns you!
You die...

#.#.##..## #.#.##....
.......... #.
#.####......... ?
#.#.......#..##
.##......#.##....
.........>.....## #
##....#.......###
#.#@...#.#....#.#
#.....#.#.#.....#
#....#.#.#.#....##
#....#.#.#.#.#....##
#....#.#.#.#.#.#....##
#....#.#.#.#.#.#.#.....
#...#.#.#.#.#.#.#.#...#
#..#.#.#.#.#.#.#.#.#..#
#...#.#.#.#.#.#.#.#...#


There were no monsters in sight!

Vanquished Creatures
  A bombardier beetle (D:3)
  An adder (D:2)
  A dart slug (D:2)
  A ribbon worm (D:2)
  5 endoplasms
  4 giant cockroaches (D:2)
  3 goblins
  3 hobgoblins
  4 jackals (D:1)
  3 kobolds
  4 quokkas
  6 ball pythons
  4 bats
  A frilled lizard (D:2)
  2 rats (D:3)
43 creatures vanquished.

Notes
Turn   | Place    | Note
-------+----------+-------------------------------------------
     0 | D:1      | CougarLife the Minotaur Berserker began the quest for the
                  | Orb.
     0 | D:1      | Reached XP level 1. HP: 19/19 MP: 0/0
    91 | D:1      | Found Ejaohiull's Armour Shoppe.
   139 | D:1      | Reached XP level 2. HP: 25/26 MP: 1/1
   229 | D:1      | Reached skill level 4 in Axes
   621 | D:2      | Reached XP level 3. HP: 33/33 MP: 2/2
   957 | D:2      | Reached ** piety under Trog
  1493 | D:3      | Reached skill level 5 in Axes
  1493 | D:3      | Reached XP level 4. HP: 14/41 MP: 3/3
  1496 | D:3      | Incinerated by a bombardier beetle

Illustrated notes

Levels and vault maps discovered:
D:1:      shiori_arrival_maze, layout_rooms, serial_shops, shop
D:2:      layout_loops_ring, minmay_misc_feat_hallway,
          nicolae_concentric_dashed_squares_wild
D:3:      minmay_recursive_quarters, layout_loops_corners,
          nicolae_overflow_macrodata_refinement,
          shapermc_ecumenical_altar_pompeii, nicolae_the_louvre

Skill      XL: |  1  2  3 |
---------------+----------+-----
Dodging        | 3 |  3.1
Axes           | 4 5 |  5.2
Fighting       | 4 |  4.5
Armour         | |  2.4

Action                     |  1- 3 |  4- 6 || total
---------------------------+-------+-------++-------
  Melee: Hand axe          |    71 |       ||    71
         Headbutt          |    15 |       ||    15
    Use: Scroll            |     3 |       ||     3
   Stab: Sleeping          |     1 |       ||     1
 Armour: Animal skin       |    32 |       ||    32
  Dodge: Dodged            |    52 |       ||    52

Table legend: (Time is in decaauts)
 A = Elapsed time spent in this place.
 B = Non-inter-level travel time spent in this place.
 C = Inter-level travel time spent in this place.
 D = Time resting spent in this place.
 E = Time spent auto-exploring this place.
 F = Levels seen in this place.
 G = Mean time per level.
                   A        B        C        D        E       F      G
               +--------+--------+--------+--------+--------+-----+--------+
         Total |   1502 |   1433 |     69 |      0 |   1159 |   3 |  500.7 |
       Dungeon |   1502 |   1433 |     69 |      0 |   1159 |   3 |  500.7 |
               +--------+--------+--------+--------+--------+-----+--------+

Top non-repeatable levels by time:
     D:2: 737 daAuts
     D:1: 546 daAuts
     D:3: 218 daAuts
